 Dungeon Crawl Stone Soup version 0.31.0-11-ge490571c62 (webtiles) character file.

Game seed: 4732190747400097189

10377 Lolow the Carver (level 11, -8/94 (95) HPs)
             Began as a Hill Orc Fighter on Feb 2, 2024.
             Was a Believer of Makhleb.
             Mangled by a ten-headed hydra (11 damage)
             ... on level 10 of the Dungeon.
             The game lasted 01:00:39 (9781 turns).

Lolow the Carver (Hill Orc Fighter)                 Turns: 9781, Time: 01:00:40

HP:   -8/94 (95)    AC: 22    Str: 24    XL:     11   Next: 61%
MP:   11/11         EV:  9    Int:  8    God:    Makhleb [**....]
Gold: 339           SH:  5    Dex: 12    Spells: 10/10 levels left

rFire   + . .        q - +2 demon blade (venom)
rCold   + . .        c - +0 buckler
rNeg    . . .        K - +2 chain mail {rC+}
rPois   .            (no helmet)
rElec   .            F - +2 cloak "Veump" {Str+2}
rCorr   .            f - +2 pair of gloves {Stlth+}
SInv    .            G - +1 pair of boots
Will    .....        (no amulet) Stlth
                     t - ring of protection from fire
HPRegen 0.35/turn    m - ring of flight
MPRegen 0.12/turn

%: no passive effects
@: about to teleport, flying, studying Translocations, lightly drained
A: no striking features
a: Renounce Religion, Minor Destruction


You were on level 10 of the Dungeon.
You worshipped Makhleb.
Makhleb was pleased with you.
You visited 2 branches of the dungeon, and saw 11 of its levels.

You collected 709 gold pieces.
You spent 370 gold pieces at shops.

Inventory:

Hand Weapons
 a - a +1 war axe
 e - a +0 giant spiked club
 q - a +2 demon blade of venom (weapon)
 A - a +3 trident of draining
 O - a +0 shortbow
 Q - a +0 shortbow
 S - the +6 quarterstaff of Usojatt {drain, rF+ rN+ Will+ Str+2}
   (You took it off a deep elf pyromancer on level 10 of the Dungeon)

   Str+2:     It affects your strength (+2).
   rF+:       It protects you from fire.
   rN+:       It protects you from negative energy.
   Will+:     It increases your willpower.
Missiles
 l - 26 stones (quivered)
 H - 18 poisoned darts
 J - a throwing net
Armour
 b - a +1 scale mail
 c - a +0 buckler (worn)
 f - a +2 pair of gloves of stealth (worn)
 E - a +1 chain mail
 F - the +2 cloak "Veump" (worn) {Str+2}
   (You bought it in a shop on level 8 of the Dungeon)

   Str+2:     It affects your strength (+2).
 G - a +1 pair of boots (worn)
 K - a +2 chain mail of cold resistance (worn)
Jewellery
 m - a ring of flight (right hand)
 t - a ring of protection from fire (left hand)
 R - a +4 ring of protection
Wands
 r - a wand of polymorph (9)
 y - a wand of quicksilver (10)
 C - a wand of flame (7)
 D - a wand of iceblast (3)
 P - a wand of mindburst (3)
Scrolls
 g - 2 scrolls of teleportation
 h - a scroll of brand weapon
 i - a scroll of poison
 j - a scroll of torment {unknown}
 k - a scroll of revelation
 v - a scroll of acquirement
 w - a scroll of enchant armour
Potions
 d - a potion of might
 n - 2 potions of brilliance
 o - 2 potions of enlightenment
 u - 2 potions of degeneration
 x - a potion of attraction
 z - 2 potions of mutation
 B - 3 potions of invisibility {unknown}
 I - a potion of lignification {unknown}
 L - a potion of heal wounds {unknown}
 M - a potion of curing
 N - a potion of resistance {unknown}


   Skills:
 + Level 8.7 Fighting
 + Level 12.8 Long Blades
 + Level 5.2 Axes
 + Level 3.3 Throwing
 + Level 9.4 Armour
 + Level 3.2 Dodging
 + Level 2.0 Stealth
 + Level 6.3 Shields


You had 10 spell levels left.
You didn't know any spells.
Your spell library contained the following spells:

 Spells                   Type           Power      Damage    Failure   Level
 Stone Arrow              Conj/Erth      0%         3d7       100%        3
 Animate Armour           Summ/Erth      0%         N/A       100%        4
 Lehudib's Crystal Spear  Conj/Erth      0%         10d2      100%        8


Dungeon Overview and Level Annotations

Branches:
Dungeon (10/15)            Temple (1/1) D:6
   Lair: D:8-11         Orc: D:9-12

Altars:
Ashenzari
Cheibriados
Dithmenos
Elyvilon
Fedhas
Gozag
Hepliaklqana
Kikubaaqudgha
Makhleb
Okawaru
Qazlal
Sif Muna
Trog
Uskayaw
Vehumet
Wu Jian
Xom
Zin
The Shining One

Shops:
D:1 !(   D:3 :   D:5 ![?[   D:8 [   D:9 (

Annotations:
D:4 Edmund, Eustachio
D:7 Maurice
D:8 Erica


Message History

The ten-headed hydra resists with some effort.
The ten-headed hydra completely misses you.
The ten-headed hydra bites you but does no damage.
The ten-headed hydra completely misses you.
The ten-headed hydra bites you but does no damage. x2
The ten-headed hydra bites you!
* * * LOW HITPOINT WARNING * * *
The ten-headed hydra bites you.
* * * LOW HITPOINT WARNING * * *
The ten-headed hydra bites you but does no damage.
The ten-headed hydra barely misses you.
The ten-headed hydra closely misses you.
As you read the scroll of teleportation, it crumbles to dust.
You feel strangely unstable.
You block the ten-headed hydra's attack.
The ten-headed hydra bites you.
* * * LOW HITPOINT WARNING * * *
The ten-headed hydra bites you but does no damage. x2
The ten-headed hydra barely misses you.
The ten-headed hydra closely misses you.
The ten-headed hydra bites you but does no damage.
The ten-headed hydra completely misses you.
The ten-headed hydra bites you but does no damage. x2
The ten-headed hydra attacks as it pursues you!
The ten-headed hydra bites you.
* * * LOW HITPOINT WARNING * * *
You block the ten-headed hydra's attack.
The ten-headed hydra bites you.
* * * LOW HITPOINT WARNING * * *
The ten-headed hydra bites you but does no damage. x2
The ten-headed hydra bites you!
* * * LOW HITPOINT WARNING * * *
The ten-headed hydra completely misses you.
The ten-headed hydra bites you.
* * * LOW HITPOINT WARNING * * *
You block the ten-headed hydra's attack.
The ten-headed hydra bites you but does no damage.
The ten-headed hydra attacks as it pursues you!
The ten-headed hydra bites you!
You die...

#..#....#
#....#### #.##.#
###########.##.#
†...........##.#
#.#.##.#.#####>#
#........# ##.##
########.#
#..D#####
########D#
#...@...#
.....D...#
#...###.#
.######### #####
#.# .# #.# D#
#.# .# #.# .#
#.# .# #D# .#
#.#


You could see a ten-headed hydra (inner flame).

Vanquished Creatures
  Harold (D:9)
  2 two-headed ogres (D:10)
  A tengu warrior (D:10)
  A deep elf pyromancer (D:10)
  Pikel (D:6)
  Jeremiah (D:6)
  A komodo dragon (D:10)
  3 trolls
  Grinder (D:6)
  A hornet (D:8)
  A wraith (D:8)
  2 steam dragons
  9 yaks
  Grum (D:8)
  2 water moccasins (D:6)
  2 ice beasts
  4 orc warriors
  2 ogres (D:5)
  4 wolves (D:8)
  6 centaurs
  2 kobold brigands (D:9)
  3 phantoms
  A bullfrog (D:8)
  10 wights
  A scorpion (D:5)
  7 howler monkeys
  2 jellies
  3 bombardier beetles
  3 hounds
  3 orc priests
  4 iguanas
  A sleepcap (D:6)
  5 orc wizards
  A gnoll (D:7)
  6 adders
  2 shadow imps
  A white imp (D:5)
  3 dart slugs
  A ribbon worm (D:4)
  32 orcs
  5 bats
  2 endoplasms
  4 giant cockroaches
  5 goblins
  6 hobgoblins
  3 jackals (D:1)
  2 quokkas
  2 ball pythons
  A frilled lizard (D:3)
  11 kobolds
  4 rats
182 creatures vanquished.

Vanquished Creatures (others)
  A gnoll (D:7)
1 creature vanquished.

Grand Total: 183 creatures vanquished

Notes
Turn   | Place    | Note
-------+----------+-------------------------------------------
     0 | D:1      | Lolow the Hill Orc Fighter began the quest for the Orb.
     0 | D:1      | Reached XP level 1. HP: 19/19 MP: 1/1
    41 | D:1      | Found Rumn's Distillery.
   151 | D:1      | Found Niedgh's Antique Weapon Boutique.
   189 | D:1      | Reached XP level 2. HP: 27/27 MP: 2/2
   644 | D:2      | You fall into a shaft and drop 1 floor!
   663 | D:3      | Found Vaettadoom's Book Shoppe.
   684 | D:3      | Reached XP level 3. HP: 33/33 MP: 3/3
  1016 | D:3      | Reached XP level 4. HP: 40/40 MP: 4/4
  1348 | D:4      | Reached XP level 5. HP: 40/46 MP: 5/5
  1467 | D:4      | Reached skill level 5 in Axes
  1549 | D:4      | Noticed Edmund
  1907 | D:4      | Noticed Eustachio
  1933 | D:5      | Entered Level 5 of the Dungeon
  1951 | D:5      | Found Mangopoc's Distillery.
  1956 | D:5      | Noticed a phantom
  1975 | D:5      | Killed a phantom
  1976 | D:5      | Reached skill level 1 in Long Blades
  1976 | D:5      | Reached skill level 1 in Throwing
  1976 | D:5      | Reached skill level 1 in Dodging
  1976 | D:5      | Reached XP level 6. HP: 51/53 MP: 6/6
  2020 | D:5      | Reached skill level 2 in Long Blades
  2176 | D:5      | Reached XP level 7. HP: 57/60 MP: 7/7
  2285 | D:5      | Reached skill level 3 in Long Blades
  2551 | D:5      | Found Ygemaos's Distillery.
  2584 | D:5      | Found Qehept's Armour Boutique.
  2587 | D:5      | Found Rutotis's Magic Scroll Shop.
  2618 | D:5      | Bought a scroll of identify for 22 gold pieces
  2618 | D:5      | Bought a scroll of identify for 22 gold pieces
  2618 | D:5      | Bought a scroll of identify for 22 gold pieces
  2618 | D:5      | Bought a scroll of identify for 22 gold pieces
  2643 | D:5      | Found Aloco's Antique Armour Shop.
  2816 | D:5      | Reached skill level 4 in Long Blades
  3429 | D:6      | Reached skill level 5 in Fighting
  3429 | D:6      | Reached skill level 5 in Long Blades
  3429 | D:6      | Reached XP level 8. HP: 28/68 MP: 8/8
  3585 | D:6      | Reached skill level 5 in Armour
  3601 | D:6      | Noticed Grinder
  3606 | D:6      | Paralysed by Grinder for 4 turns
  3625 | D:6      | Killed Grinder
  3626 | D:6      | Reached skill level 1 in Stealth
  3707 | D:6      | Noticed Jeremiah
  3767 | D:6      | Found a staircase to the Ecumenical Temple.
  3778 | Temple   | Entered the Ecumenical Temple
  3797 | Temple   | Became a worshipper of Makhleb the Destroyer
  3881 | D:6      | Noticed a +0 dagger
  3882 | D:6      | Noticed a +0 hand axe
  3891 | D:6      | Noticed Pikel
  3906 | D:6      | Killed Pikel
  3907 | D:6      | Reached skill level 6 in Long Blades
  3989 | D:6      | Reached XP level 9. HP: 57/75 MP: 9/9
  3993 | D:6      | Reached skill level 7 in Long Blades
  4306 | D:6      | Found a hide-covered altar of Uskayaw.
  4676 | D:6      | Killed Jeremiah
  5120 | D:6      | Reached skill level 8 in Long Blades
  5610 | D:7      | Noticed Maurice
  5910 | D:7      | Reached skill level 5 in Shields
  6205 | D:6      | Identified 2 scrolls of acquirement
  6206 | D:6      | Acquired a ring of flight
  6216 | D:7      | Something stole a flux talisman
  6219 | D:7      | Something stole a poisoned dart
  6718 | D:8      | Reached skill level 9 in Long Blades
  6718 | D:8      | Reached XP level 10. HP: 39/82 MP: 10/10
  6733 | D:8      | Reached * piety under Makhleb
  7087 | D:8      | Noticed Grum
  7091 | D:8      | Reached skill level 10 in Long Blades
  7100 | D:8      | Killed Grum
  7408 | D:8      | Found Utwukub's Armour Emporium.
  7408 | D:8      | Noticed an animated crystal plate armour
  7410 | D:8      | Noticed an animated storm dragon scales
  7421 | D:8      | Bought the +2 cloak "Veump" {Str+2} for 282 gold pieces
  7534 | D:8      | Noticed Erica
  7828 | D:9      | Found Dyenoili's Weapon Boutique.
  7831 | D:9      | Noticed Harold
  7852 | D:9      | Killed Harold
  7853 | D:9      | Reached skill level 11 in Long Blades
  8316 | D:9      | Reached ** piety under Makhleb
  8490 | D:10     | Entered Level 10 of the Dungeon
  8536 | D:10     | Reached XP level 11. HP: 94/94 MP: 11/11
  8656 | D:10     | Noticed a two-headed ogre
  8673 | D:10     | Reached skill level 12 in Long Blades
  8682 | D:10     | Killed a two-headed ogre
  8916 | D:10     | Noticed a two-headed ogre
  8930 | D:10     | Killed a two-headed ogre
  9091 | D:10     | Identified the +6 quarterstaff of Usojatt {drain, rF+ rN+
                  | Will+ Str+2}
  9091 | D:10     | Noticed a deep elf pyromancer
  9162 | D:10     | Noticed a tengu warrior
  9180 | D:10     | Killed a tengu warrior
  9201 | D:10     | Noticed a deep elf pyromancer
  9471 | D:10     | Killed a deep elf pyromancer
  9607 | D:10     | Found an ornate altar of the Wu Jian Council.
  9609 | D:10     | Found a glowing golden altar of the Shining One.
  9676 | D:10     | Noticed an eight-headed hydra
  9780 | D:10     | HP: 4/94 [ten-headed hydra (10)]
  9781 | D:10     | Mangled by a ten-headed hydra

Illustrated notes

Levels and vault maps discovered:
D:1:      dpeg_arrival_refuge, layout_basic, serial_shops, shop_statue,
          nicolae_shop_tiny_real_fake_doors
D:2:      layout_basic, uniq_natasha
D:3:      layout_loops_ring, serial_shops, shop
D:4:      layout_basic, nicolae_overflow_crystal_walls, nicolae_hexahallways,
          uniq_edmund, uniq_eustachio
D:5:      layout_basic, serial_shops, shop, shop, nicolae_shop_hallway_stairs,
          nicolae_shop_temple_entry_statues_fountains, nicolae_shop_waterfront,
          st_stairs_14
D:6:      layout_layer_cave, dancing_weapons_uskayaw,
          minmay_temple_entry_butterflies, minmay_manual_mares, uniq_grinder,
          uniq_pikel, uniq_jeremiah
D:7:      layout_rooms, enter_bailey_7, uniq_maurice
D:8:      layout_cave_pools, nicolae_ru_path_of_blood,
          lemuel_mausoleum_altar_yredelemnul, serial_shops,
          nicolae_shop_mannequins, uniq_grum, uniq_erica
D:9:      layout_roguey, serial_shops, nicolae_shop_bloodbath_and_beyond,
          uniq_harold
D:10:     layout_loops_ring, gammafunk_temple_overflow_wave, minmay_the_grid_2x2
          [minmay_the_grid_pillar_ring, minmay_the_grid_broken_lines,
          minmay_the_grid_x, minmay_the_grid_prize_big_room]
Temple:   nicolae_temple_superstar

Skill      XL: |  1  2  3  4  5  6  7  8  9 10 11 |
---------------+----------------------------------+-----
Axes           | 3 4 5 |  5.2
Fighting       | 4 5 6 8 |  8.7
Armour         | 4 6 7 8 9 |  9.4
Long Blades    | 1 2 5 6 9 11 12 | 12.8
Throwing       | 1 2 3 |  3.3
Dodging        | 1 2 3 |  3.2
Shields        | 4 5 6 |  6.3
Stealth        | 1 2 |  2.0

Action                     |  1- 3 |  4- 6 |  7- 9 | 10-12 || total
---------------------------+-------+-------+-------+-------++-------
  Melee: War axe           |    87 |    31 |       |       ||   118
         Demon blade       |       |    68 |   250 |   294 ||   612
  Throw: Stone             |       |    20 |       |    14 ||    34
         Dart              |       |    19 |    21 |       ||    40
    Use: Scroll            |     3 |     2 |    14 |     6 ||    25
         Potion            |       |       |     2 |     2 ||     4
   Stab: Invisible         |       |       |     1 |       ||     1
 Armour: Scale mail        |    56 |    69 |   178 |    25 ||   328
         Chain mail        |       |       |       |   228 ||   228
  Dodge: Dodged            |    35 |    41 |   110 |   108 ||   294
  Block: Buckler           |    25 |    14 |    59 |    56 ||   154
